 Dungeon Crawl Stone Soup version 0.20-a0-675-g770066e (webtiles) character file.

37869 theclanless the Covert (level 13, -6/68 HPs)
             Began as a Spriggan Gladiator on Jan 12, 2017.
             Was a High Priest of Ieoh Jian.
             Mangled by a spiny frog (24 damage)
             ... on level 6 of the Lair of Beasts on Jan 13, 2017.
             The game lasted 01:39:57 (14317 turns).

theclanless the Covert (Spriggan Gladiator)        Turns: 14317, Time: 01:39:58

Health: -6/68      AC: 11    Str: 18    XL:     13   Next: 60%
Magic:  0/21       EV: 30    Int: 10    God:    Ieoh Jian [*****.]
Gold:   881        SH:  0    Dex: 18    Spells: 1/12 levels left

rFire  . . .     SeeInvis +     a - +2 dagger (venom)
rCold  + . .     Gourm    .     T - +1 robe {rC+}
rNeg   . . .     Faith    .     (shield restricted)
rPois  .         Spirit   +     c - +2 hat
rElec  .         Reflect  .     m - +2 cloak
rCorr  .         Harm     .     (gloves unavailable)
MR     ++...     Rnd*Rage +     (boots unavailable)
Stlth  ++++++....               Q - amulet of guardian spirit
                                G - +4 ring of strength
                                h - +3 ring of protection

@: sleeping, repel missiles, very quick
A: unfitting armour, see invisible, berserk 1, herbivore 3, speed 3, mutation
resistance 1, slow metabolism 2
a: Steel Dragonfly, Heavenly Blade, Renounce Religion


You were on level 6 of the Lair of Beasts.
You worshipped Ieoh Jian.
Ieoh Jian was extremely pleased with you.
You were full.

You visited 3 branches of the dungeon, and saw 18 of its levels.

You collected 1361 gold pieces.
You spent 480 gold pieces at shops.

Inventory:

Hand Weapons
 a - a +2 dagger of venom (weapon)
 b - a +2 long sword
 v - a +0 blowgun
 B - the +7 flail of Obsession {crush, Int+5}
   (You found it on level 3 of the Lair of Beasts)

   It inflicts extra damage upon your enemies.
   It affects your intelligence (+5).
 D - a +0 long sword of draining
 N - a +1 scimitar of holy wrath
 S - a +1 mace of protection
 U - a +2 trident of freezing
Missiles
 d - 3 throwing nets (quivered)
 w - 43 poisoned needles
 L - 12 curare-tipped needles
 X - 4 needles of confusion
Armour
 c - a +2 hat (worn)
 m - a +2 cloak (worn)
 T - a +1 robe of cold resistance (worn)
Jewellery
 e - an uncursed ring of wizardry
 h - a +3 ring of protection (left hand)
 j - an uncursed ring of wizardry
 r - an uncursed ring of ice
 G - a +4 ring of strength (right hand)
 Q - an amulet of guardian spirit (around neck)
Wands
 f - a wand of iceblast (6/15)
 k - a wand of acid (1/15)
 t - a wand of flame (11/48)
 E - a wand of paralysis (8/24)
 H - a wand of acid (12/15)
 I - a wand of confusion (2/48)
 J - a wand of iceblast (8/15)
 M - a wand of acid (12/15)
Scrolls
 u - 5 scrolls of remove curse
 y - 4 scrolls of teleportation
 z - 4 scrolls of blinking
 O - 2 scrolls of enchant armour
 R - a scroll of magic mapping
 W - a scroll of fog
 Y - 8 scrolls of identify
Potions
 g - a potion of cure mutation
 i - 3 potions of flight
 l - 2 potions of brilliance
 n - 4 potions of heal wounds
 o - a potion of haste
 q - 2 potions of lignification
 s - 5 potions of curing
 x - 3 potions of cancellation
 A - a potion of magic
 F - a potion of invisibility
 K - 2 potions of might
 P - a potion of agility
Miscellaneous
 V - a lightning rod (inert)
Comestibles
 p - 4 fruits
 Z - 2 slices of pizza


   Skills:
 + Level 8.0 Fighting
 * Level 11.4 Long Blades
 - Level 2.0 Throwing
 + Level 13.6 Dodging
 + Level 14.0 Stealth
 + Level 9.0 Invocations
 + Level 9.4 Evocations


You had one spell level left.
You knew the following spells:

 Your Spells              Type           Power        Failure   Level  Hunger
a - Infusion              Chrm           #...         38%         1    ##.....
b - Poisonous Vapours     Pois/Air       #.....       61%         2    ###....
c - Regeneration          Chrm/Necr      #.........   92%         3    ####...
d - Confusing Touch       Hex            #.....       38%         1    ##.....
e - Repel Missiles        Chrm/Air       #.....       61%         2    ###....
s - Song of Slaying       Chrm           #.......     61%         2    ###....


Dungeon Overview and Level Annotations

Branches:
Dungeon (12/15)            Temple (1/1) D:6            Lair (4/6) D:11
 Shoals (0/4) Lair:4        Snake (0/4) Lair:2          Orc (0/2) D:9

Altars:
Ashenzari
Cheibriados
Dithmenos
Elyvilon
Fedhas
Gozag
Hepliaklqana Ieoh Jian
Kikubaaqudgha
Makhleb
Nemelex Xobeh
Okawaru
Qazlal
Ru
Sif Muna
Trog
Uskayaw
Vehumet
Xom
Yredelemnul
Zin
The Shining One

Shops:
D:7 }

Annotations:
D:10 Erica
Lair:4 exclusion: oklob plant
Lair:6 theclanless's ghost, journeyman SpGl


Innate Abilities, Weirdness & Mutations

You are very small and have problems with some larger weapons.
You are too small for most types of armour.
You have supernaturally acute eyesight. (SInv)
You are a herbivore.
You cover ground extremely quickly.
You need consume almost no food.
You tend to lose your temper in combat.
You are somewhat resistant to further mutation.


Message History

You spin and strike the spiny frog!
You hit the spiny frog.
The spiny frog is almost dead.
The spiny frog completely misses you.
You lunge at the blink frog.
You puncture the blink frog!
You kill the blink frog!
Sifu Deng Ai accepts your kill.
Your Invocations skill increases to level 9!
You spin and strike the blink frog!
You closely miss the blink frog.
The blink frog is heavily wounded.
You spin and strike the spiny frog!
You puncture the spiny frog!
You kill the spiny frog!
Sifu Ma Yunglu accepts your kill.
You spin and strike the blink frog!
You barely miss the blink frog.
The blink frog is heavily wounded.
The blink frog misses you.
The dream sheep shakes its wool and sparkles.
You feel drowsy...
You fall asleep.
The blink frog misses you. The spiny frog misses you.
The spiny frog stings you!!
You die...

.....P. .......
........P#........
.............?..........
...##...#...............
....#....P.........%....
........P...............
...P#...................
.......F................
....#..@F†..............
........†$..............
.......$..#.....#P......
........#.Y....###......
..#...............%.....
.............P.#........
$........P...........≈..
.........#P.)......#P≈..
#...............F.....#....


You could see a spiny frog, a blink frog and a dream sheep.

Vanquished Creatures
  5 hydras
  Fannar (D:11)
  A catoblepas (Lair:2)
  3 two-headed ogres
  A death knight (D:11)
  Sonja (D:11)
  A phantasmal warrior (D:11)
  Pikel (D:6)
  2 cyclopes
  A merfolk siren (Lair:4)
  2 elephants (Lair:6)
  4 black mambas
  17 spiny frogs
  A rime drake (Lair:6)
  A freezing wraith (D:11)
  9 komodo dragons
  2 trolls
  A merfolk (Lair:4)
  A polar bear (Lair:3)
  3 tyrant leeches (Lair:6)
  A hornet (D:10)
  24 blink frogs
  5 hippogriffs
  A meliai zombie (D:12)
  Eustachio (D:6)
  2 wyverns
  10 yaks
  3 wraiths
  2 basilisks
  A hungry ghost (D:12)
  3 vampire mosquitoes (Lair:6)
  Edmund (D:6)
  6 water moccasins
  A porcupine (Lair:1)
  5 orc warriors
  2 sky beasts
  An eye of draining (D:9)
  A phantom (D:9)
  2 black bears
  A necrophage (D:7)
  A hornet zombie (D:8)
  11 ogres
  A slave (D:6)
  A wolf (D:11)
  2 centaurs
  4 crocodiles
  3 big kobolds
  21 bullfrogs
  2 gnoll sergeants (D:9)
  A wyvern skeleton (D:6)
  A scorpion (D:8)
  16 killer bees
  9 wights (D:12)
  5 howler monkeys
  3 electric eels
  4 crimson imps
  2 centaur zombies
  3 jellies (D:6)
  A quasit (D:9)
  A bullfrog zombie (D:11)
  2 orc priests
  15 hounds
  8 orc wizards
  A centaur skeleton (D:12)
  7 iguanas
  9 worker ants
  A hound skeleton (D:6)
  A worker ant zombie (D:5)
  A howler monkey skeleton (D:5)
  11 adders
  3 gnolls (D:9)
  2 shadow imps
  2 oozes (D:1)
  An adder zombie (D:7)
  2 adder skeletons
  3 dart slugs
  6 leopard geckos
  28 orcs
  7 bats
  9 giant cockroaches
  7 hobgoblins
  27 jackals
  15 kobolds
  4 quokkas
  A ball python (D:2)
  12 frilled lizards
  A giant cockroach zombie (D:6)
  13 goblins
  2 leopard gecko skeletons
  A quokka skeleton (D:10)
  8 rats
  A plant (Lair:6)
434 creatures vanquished.

Vanquished Creatures (others)
  A fungus (Lair:6)
  20 plants
21 creatures vanquished.

Grand Total: 455 creatures vanquished

Notes
Turn   | Place    | Note
-------+----------+-------------------------------------------
     0 | D:1      | theclanless the Spriggan Gladiator began the quest for the Orb.
     0 | D:1      | Reached XP level 1. HP: 10/10 MP: 2/2
    51 | D:1      | Reached skill level 1 in Stealth
   157 | D:1      | Reached XP level 2. HP: 12/14 MP: 3/3
   495 | D:1      | Reached skill level 2 in Stealth
   665 | D:1      | Reached XP level 3. HP: 6/18 MP: 4/4
   940 | D:1      | Reached skill level 3 in Stealth
  1603 | D:2      | Reached XP level 4. HP: 23/23 MP: 5/5
  1668 | D:2      | Found a faded altar of an unknown god.
  1970 | D:2      | Found a deep blue altar of Sif Muna.
  2122 | D:3      | Found an ancient bone altar of Kikubaaqudgha.
  2288 | D:3      | Found a shimmering altar of Xom.
  2591 | D:4      | Found a snail-covered altar of Cheibriados.
  2592 | D:4      | Reached skill level 5 in Dodging
  2592 | D:4      | Reached skill level 4 in Stealth
  2592 | D:4      | Reached XP level 5. HP: 26/26 MP: 6/6
  3128 | D:5      | Entered Level 5 of the Dungeon
  3365 | D:5      | Found a hazy altar of Hepliaklqana.
  3735 | D:5      | Found a burning altar of Makhleb.
  3744 | D:5      | Reached XP level 6. HP: 13/32 MP: 7/7
  4104 | D:6      | Found a staircase to the Ecumenical Temple.
  4112 | Temple   | Entered the Ecumenical Temple
  4117 | Temple   | Became a worshipper of The Ieoh Jian Council
  4215 | D:6      | Reached skill level 5 in Stealth
  4242 | D:6      | Reached skill level 1 in Invocations
  4279 | D:6      | Reached XP level 7. HP: 33/36 MP: 7/9
  4381 | D:6      | Noticed Pikel
  4388 | D:6      | Killed Pikel
  4388 | D:6      | Reached skill level 5 in Long Blades
  4388 | D:6      | Reached skill level 6 in Stealth
  4425 | D:6      | Noticed Eustachio
  4441 | D:6      | Killed Eustachio
  4441 | D:6      | Reached XP level 8. HP: 41/41 MP: 10/10
  4496 | D:6      | Found a white marble altar of Elyvilon.
  4745 | D:6      | Noticed a two-headed ogre
  4770 | D:6      | Killed a two-headed ogre
  4770 | D:6      | Reached skill level 7 in Stealth
  4770 | D:6      | Reached XP level 9. HP: 31/45 MP: 12/12
  4845 | D:6      | Reached * piety under Ieoh Jian
  4851 | D:6      | Noticed Edmund
  4861 | D:6      | Killed Edmund
  4861 | D:6      | Reached skill level 8 in Stealth
  5263 | D:7      | Learned a level 1 spell: Confusing Touch
  5378 | D:7      | Learned a level 2 spell: Repel Missiles
  5470 | D:7      | Found Ciduet's Gadget Boutique.
  5478 | D:7      | Bought a lightning rod (4/4) for 480 gold pieces
  5980 | D:8      | Reached skill level 1 in Evocations
  6089 | D:8      | Reached ** piety under Ieoh Jian
  6098 | D:8      | Reached skill level 5 in Fighting
  6107 | D:8      | Reached skill level 5 in Invocations
  6121 | D:8      | Got a distressingly furry robe
  6124 | D:8      | Reached skill level 9 in Stealth
  6135 | D:8      | Identified the +0 robe of the Realm of Zot {Int+3} (You found it on level 8 of the Dungeon)
  6398 | D:9      | Learned a level 1 spell: Corona
  6427 | D:9      | Reached XP level 10. HP: 51/51 MP: 7/14
  6449 | D:9      | Identified the Reference Book on Ashen Air
  6454 | D:9      | Learned a level 2 spell: Poisonous Vapours
  6457 | D:9      | Learned a level 2 spell: Swiftness
  6580 | D:9      | Found a burning altar of Makhleb.
  6661 | D:9      | Noticed a two-headed ogre
  6678 | D:9      | Killed a two-headed ogre
  7024 | D:9      | Found a staircase to the Orcish Mines.
  7054 | D:9      | Reached *** piety under Ieoh Jian
  7387 | D:9      | Reached skill level 10 in Stealth
  7458 | D:9      | Reached skill level 10 in Dodging
  7626 | D:10     | Entered Level 10 of the Dungeon
  7926 | D:10     | Gained mutation: You tend to lose your temper in combat. [potion of mutation]
  7926 | D:10     | Gained mutation: You are somewhat resistant to further mutation. [potion of mutation]
  7990 | D:10     | Noticed Erica
  8008 | D:10     | Reached **** piety under Ieoh Jian
  8126 | D:10     | Noticed a two-headed ogre
  8183 | D:10     | Killed a two-headed ogre
  8183 | D:10     | Reached XP level 11. HP: 18/56 MP: 16/16
  8326 | D:10     | Learned a level 1 spell: Infusion
  8329 | D:10     | Learned a level 2 spell: Song of Slaying
  8658 | D:11     | Reached skill level 5 in Evocations
  8695 | D:11     | Noticed Fannar
  8723 | D:11     | Killed Fannar
  8728 | D:11     | Noticed Sonja
  8732 | D:11     | Noticed a phantasmal warrior
  8735 | D:11     | Noticed a death knight
  8736 | D:11     | Killed Sonja
  8762 | D:11     | Killed a phantasmal warrior
  8762 | D:11     | Reached skill level 11 in Stealth
  9156 | D:11     | Found a staircase to the Lair.
  9234 | D:11     | Killed a death knight
  9344 | D:11     | Noticed an eight-headed hydra
  9344 | D:11     | Reached ***** piety under Ieoh Jian
  9353 | D:11     | Killed an eight-headed hydra
 10016 | D:12     | Reached XP level 12. HP: 62/62 MP: 18/18
 10367 | Lair:1   | Entered Level 1 of the Lair of Beasts
 10547 | Lair:1   | Noticed a four-headed hydra
 10563 | Lair:1   | Killed a four-headed hydra
 10563 | Lair:1   | Reached skill level 10 in Long Blades
 10563 | Lair:1   | Reached skill level 12 in Stealth
 11405 | Lair:2   | Found a staircase to the Snake Pit.
 11457 | Lair:2   | Noticed a six-headed hydra
 11463 | Lair:2   | Killed an eight-headed hydra
 11622 | Lair:2   | Noticed a catoblepas
 11668 | Lair:2   | Killed a catoblepas
 12166 | Lair:3   | Got a bone flail
 12167 | Lair:3   | Identified the +7 flail of Obsession {crush, Int+5} (You found it on level 3 of the Lair of Beasts)
 12206 | Lair:3   | Reached skill level 13 in Stealth
 12941 | Lair:4   | Noticed an eight-headed hydra
 12963 | Lair:4   | Killed an eight-headed hydra
 12963 | Lair:4   | Reached XP level 13. HP: 67/67 MP: 20/20
 13616 | Lair:4   | Found a staircase to the Shoals.
 13661 | Lair:4   | You fall through a shaft for 2 floors!
 13661 | Lair:6   | Entered Level 6 of the Lair of Beasts
 13993 | Lair:6   | Learned a level 3 spell: Regeneration
 14206 | Lair:6   | Noticed theclanless's ghost (journeyman SpGl)
 14274 | Lair:6   | Reached skill level 14 in Stealth
 14317 | Lair:6   | Mangled by a spiny frog

Vault maps used:
D:1:      lightli_arrival_boilingwater
D:2:      lemuel_blue_sif_altar, chequers_ecumenical_altar_twisty
D:3:      lemuel_round_altar, lemuel_crystal_altar, mrwooster_statue_mirror
D:4:      kennysheep_the_goblin_king, kennysheep_slug_shrine,
          minmay_misc_feat_four_crosses
D:5:      kennysheep_little_box, first_bread, makhleb_blood_cavern_becter
D:6:      kennysheep_windowed_halls, nicolae_overflow_crystal_walls, uniq_pikel,
          uniq_edmund, uniq_eustachio
D:7:      serial_shops, shop
D:9:      marbit_many_paths, kennysheep_orc_monster_closet_entryway
D:10:     uniq_erica
D:11:     erik_lair_island, uniq_sonja, uniq_fannar
D:12:     uniq_gastronok
Temple:   minmay_freezing_vapour_temple
Lair:1:   beast_lair_carwin_large_3
Lair:2:   guppyfry_snake_entry_garden
Lair:3:   grunt_megastairs_2
Lair:4:   elwin_shoals_entry_rooms, grunt_megastairs_3,
          minmay_lair_oklob_chamber
Lair:6:   minmay_lair_end_frog_pond, infiniplex_staircase_pool

Skill      XL: |  1  2  3  4  5  6  7  8  9 10 11 12 13 |
---------------+----------------------------------------+-----
Stealth        | 1 2 3 4 5 6 7 9 10 11 13 14 | 14.0
Long Blades    | 3 4 5 6 7 8 9 10 11 | 11.4
Fighting       | 2 3 4 5 6 7 8 |  8.0
Dodging        | 5 6 7 9 10 11 12 13 | 13.6
Invocations    | 1 2 3 5 6 7 8 9 |  9.0
Evocations     | 1 4 6 8 9 |  9.4
Throwing       | |  2.0

Action                   |  1- 3 |  4- 6 |  7- 9 | 10-12 | 13-15 || total
-------------------------+-------+-------+-------+-------+-------++-------
Melee: Long sword        |    28 |    77 |    68 |   174 |       ||   347
       Short sword       |    38 |       |       |     1 |       ||    39
       Dagger            |    36 |    81 |   131 |   445 |   214 ||   907
       Punch             |       |     1 |     4 |    39 |    14 ||    58
       Whip              |       |       |     4 |       |       ||     4
       Flail             |       |       |     3 |    13 |     5 ||    21
       Trident           |       |       |       |     1 |       ||     1
       Falchion          |       |       |       |    89 |       ||    89
       Quick blade       |       |       |       |     1 |       ||     1
       Double sword      |       |       |       |     3 |       ||     3
       Unarmed           |       |       |       |       |     4 ||     4
 Fire: Blowgun           |       |    12 |       |    24 |       ||    36
Throw: Stone             |     2 |       |       |       |       ||     2
 Cast: Repel Missiles    |       |       |     1 |       |       ||     1
       Poisonous Vapours |       |       |       |    25 |       ||    25
Invok: Heavenly Blade    |       |       |       |     2 |     1 ||     3
       Steel Dragonfly   |       |       |       |     1 |       ||     1
Evoke: Lightning rod     |       |       |     4 |     4 |     4 ||    12
       Wand              |       |       |     1 |     9 |     6 ||    16
  Use: Scroll            |     3 |     9 |    10 |     9 |     3 ||    34
       Potion            |       |     3 |     4 |     1 |     7 ||    15
 Stab: Sleeping          |    11 |    15 |    20 |    33 |     9 ||    88
       Distracted        |       |       |     1 |     3 |     1 ||     5
       Paralysed         |       |       |       |     1 |       ||     1
       Invisible         |       |       |       |       |    16 ||    16
  Eat: Pizza             |       |     1 |       |     3 |       ||     4
       Royal jelly       |       |       |     1 |       |       ||     1
       Bread ration      |       |       |       |     1 |     1 ||     2
Armor: Robe              |     2 |    10 |     8 |    26 |     7 ||    53
Dodge: Dodged            |    82 |   128 |   136 |   416 |   143 ||   905
       Rpst.: Long sword |     8 |    19 |    22 |    34 |       ||    83
       Falchion          |       |       |       |    11 |       ||    11
